 Dungeon Crawl Stone Soup version 0.23.2-30-g0e89c35649 (webtiles) character file.

Game seed: 14431997947876589047

240610 spacegravy the Warrior (level 19, -10/134 HPs)
             Began as a Gargoyle Fighter on June 20, 2019.
             Was a High Priest of Okawaru.
             Killed from afar by Asterion (51 damage)
             ... with an iron shot
             ... on level 2 of the Vaults on June 24, 2019.
             The game lasted 05:13:46 (50672 turns).

spacegravy the Warrior (Gargoyle Fighter)          Turns: 50672, Time: 05:13:46

Health: -10/134    AC: 48    Str: 31    XL:     19   Next: 33%
Magic:  21/22      EV: 17    Int: 22    God:    Okawaru [*****.]
Gold:   2856       SH: 26    Dex: 17    Spells: 18/18 levels left

rFire    + + .     SeeInvis .   X - +8 mace of Starshine {speed, Str+4}
rCold    + . .     Gourm    +   H - +0 large shield {rC+ rF+}
rNeg     + . .     Faith    .   K - +0 fire dragon scales of the Townfolk {rF++ rC- Str+3} (curse)
rPois    ∞         Spirit   .   J - +1 helmet
rElec    +         Reflect  .   w - +1 cloak of Purpose {Str-2 Int+8}
rCorr    .         Harm     .   I - +2 pair of gloves {Str+3}
MR       ++...     Rnd*Tele +   F - +1 pair of boots
Stlth    +.........             m - amulet of the gourmand
HPRegen  0.32/turn              h - ring of Zotiqur {Ice MR+ Dex+4}
MPRegen  0.18/turn              E - +5 ring of protection

@: heroism, marked, flying
A: big wings, blurry vision 1, clever 1, negative energy resistance 1,
electricity resistance, strong 1, teleportitis 1, unbreathing, petrification
resistance, rot immunity, AC +14
}: 2/15 runes: barnacled, gossamer
a: Stop Flying, Heroism, Finesse, Renounce Religion


You were on level 2 of the Vaults.
You worshipped Okawaru.
Okawaru was extremely pleased with you.
You were very full.

You visited 7 branches of the dungeon, and saw 34 of its levels.
You also visited: Ice Cave.

You collected 3165 gold pieces.
You spent 309 gold pieces at shops.

Inventory:

Hand Weapons
 x - a +2 flail of holy wrath
   (You took it off Edmund on level 5 of the Dungeon)
 X - the +8 mace of Starshine (weapon) {speed, Str+4}
   (Okawaru gifted it to you on level 2 of the Spider Nest)

   Attacks with this weapon are significantly faster.
   It affects your strength (+4).
Missiles
 g - 52 tomahawks (quivered)
Armour
 w - the +1 cloak of Purpose (worn) {Str-2 Int+8}
   (Okawaru gifted it to you on level 1 of the Shoals)

   It affects your strength (-2).
   It affects your intelligence (+8).
 F - a +1 pair of boots (worn)
   (You found it on level 1 of the Lair of Beasts)
 H - a +0 large shield of resistance (worn)
   (Okawaru gifted it to you on level 2 of the Shoals)
 I - a +2 pair of gloves of strength (worn)
   (Okawaru gifted it to you on level 4 of the Shoals)
 J - a +1 helmet (worn)
   (You found it on level 1 of the Dungeon)
 K - the cursed +0 fire dragon scales of the Townfolk (worn) {rF++ rC- Str+3}
   (You found it on level 13 of the Dungeon)

   It affects your strength (+3).
   It greatly protects you from fire.
   It makes you vulnerable to cold.
   It has a curse placed upon it.
 R - +2 storm dragon scales {Bai Suzhen}
   (You found it on level 2 of the Vaults)
 Z - a scarf of spirit shield
   (Okawaru gifted it to you on level 3 of the Spider Nest)
Jewellery
 h - the ring of Zotiqur (left hand) {Ice MR+ Dex+4}
   (You acquired it on level 4 of the Lair of Beasts)

   [ring of ice]

   It enhances your ice magic.
   It affects your dexterity (+4).
   It makes you vulnerable to fire.
   It protects you from cold.
   It affects your resistance to hostile enchantments.
 i - an uncursed ring of protection from fire
   (You found it on level 1 of the Shoals)
 m - an amulet of the gourmand (around neck)
   (You found it on level 5 of the Dungeon)
 z - an uncursed ring of see invisible
   (You found it on level 6 of the Lair of Beasts)
 E - a +5 ring of protection (right hand)
   (You took it off a gnoll on level 6 of the Dungeon)
Wands
 a - a wand of enslavement (30)
   (You found it on level 9 of the Dungeon)
 c - a wand of disintegration (19)
   (You found it on level 11 of the Dungeon)
 d - a wand of iceblast (12)
   (You found it on level 5 of the Dungeon)
 t - a wand of flame (73)
   (You took it off a big kobold on level 10 of the Dungeon)
 u - a wand of paralysis (6)
   (You found it on level 1 of the Lair of Beasts)
 B - a wand of polymorph (17)
   (You found it on level 13 of the Dungeon)
Scrolls
 b - a scroll of blinking
 f - 10 scrolls of enchant weapon
 j - 5 scrolls of teleportation {@r4}
 n - 7 scrolls of identify {@r1}
 y - 3 scrolls of remove curse {@r2}
 D - 5 scrolls of fear
 G - 3 scrolls of fog
 L - 2 scrolls of silence
 N - 4 scrolls of amnesia
 Q - a scroll of vulnerability {!r}
 U - 3 scrolls of magic mapping
 V - a scroll of enchant armour
Potions
 k - 4 potions of brilliance
 l - a potion of magic
 p - 6 potions of lignification {!q}
 q - 8 potions of curing {@q1}
 r - 6 potions of ambrosia
 s - 6 potions of haste {@q3}
 O - a potion of invisibility
 P - 5 potions of heal wounds {@q2}
 S - a potion of might
 T - 2 potions of berserk rage
 W - a potion of agility
Miscellaneous
 Y - a phantom mirror
Comestibles
 e - 53 rations {!d}


   Skills:
 * Level 19.9(24.9) Fighting
 - Level 16.0(21.0) Maces & Flails
 + Level 16.6(21.6) Armour
 - Level 5.0(10.0) Dodging
 + Level 16.6(21.6) Shields
 - Level 5.0 Invocations
 - Level 4.0 Evocations


You had 18 spell levels left.
You didn't know any spells.
Your spell library contained the following spells:

 Spells                   Type           Power        Failure   Level  Hunger
 Corona                   Hex            #......      38%         1    ##.....
 Ensorcelled Hibernation  Hex/Ice        #.....       52%         2    ###....
 Confuse                  Hex            #.......     77%         3    ####...
 Dazzling Spray           Conj/Hex       #.....       77%         3    ####...
 Tukima's Dance           Hex            #.......     77%         3    ####...
 Bolt of Magma            Conj/Fire/Erth #.........   100%        5    ######.
 Iskenderun's Battlesphe  Conj/Chrm      #.......     100%        5    ######.
 Venom Bolt               Conj/Pois      #.........   100%        5    ######.
 Iron Shot                Conj/Erth      #.........   100%        6    #######
 Orb of Destruction       Conj           #.........   100%        7    #######
 Spellforged Servitor     Conj/Summ      #.........   100%        7    #######


Dungeon Overview and Level Annotations

Branches:
Dungeon (15/15)            Temple (1/1) D:7            Lair (6/6) D:8
 Shoals (4/4) Lair:4       Spider (4/4) Lair:2        Slime (0/5) Lair:5
    Orc (2/2) D:12            Elf (0/3) Orc:2        Vaults (1/5) D:14
 Depths (0/5) D:15

Altars:
Ashenzari
Cheibriados
Dithmenos
Elyvilon
Fedhas
Gozag
Hepliaklqana
Kikubaaqudgha
Makhleb
Nemelex Xobeh
Okawaru
Qazlal
Ru
Sif Muna
Trog
Uskayaw
Vehumet
Wu Jian
Xom
Yredelemnul
Zin
The Shining One
Beogh

Shops:
D:4 :   D:5 (:?   D:6 [   D:10 !!(   Orc:2 !![}([   Shoals:4 (   Vaults:2 *

Annotations:
D:4 Pikel
D:10 Josephine
Lair:2 Gastronok
Lair:3 Rupert
Lair:5 1 runed translucent door, exclusion: oklob plant, trolface1997's ghost, journeyman GrMo
Shoals:3 exclusion: Roxanne, Roxanne
Vaults:2 Asterion; Xtahua


Innate Abilities, Weirdness & Mutations

You are resistant to torment.
Your stone body is resilient. (AC +14)
You are immune to poison.
Your large and strong wings let you fly indefinitely.
You resist negative energy. (rN+)
You are resistant to electric shocks. (rElec)
You can survive without breathing.
You are immune to petrification.
You are immune to rotting.
Scrolls take you a little longer to read.
Your mind is acute. (Int +2)
Your muscles are strong. (Str +2)
You are occasionally teleported next to monsters.


Message History

You block Asterion's attack.
Really read with blurry vision while enemies are nearby? [Y]es or [N]o only, please.
Really read with blurry vision while enemies are nearby?
The vault sentinel blows a loud note on a signal horn!
You block the blizzard demon's attack. x2
You begin reading the scroll.
You continue reading the scroll.
Asterion hits you but does no damage. Asterion misses you.
The blizzard demon waves its arms in wide circles.
The air twists around and violently strikes you in flight!
* * * LOW HITPOINT WARNING * * *
Asterion completely misses you. You block Asterion's attack.
As you read the scroll of teleportation {@r4}, it crumbles to dust.
You feel strangely unstable.
You feel much better. Asterion hits you but does no damage.
You block Asterion's attack. The blizzard demon gestures at you.
The bolt of cold hits you! You resist.
* * * LOW HITPOINT WARNING * * *
Asterion hits you but does no damage.
Things that are here:
a +4 short sword; 3 steel javelins; an arrow Your surroundings suddenly seem different.
Your hands slow down.
Found 50 gold pieces.
Found a stone staircase leading down.
You start resting.
You feel like a meek peon again.
You start resting.
Asterion the Fallen King opens the door.
He is wielding a +1 demon trident of electrocution.
Asterion hits you but does no damage. You block Asterion's attack.
There is an open door here.
You gain the combat prowess of a mighty hero.
You block Asterion's attack. Asterion closely misses you.
You hit Asterion.
Asterion is no longer moving quickly.
You block Asterion's attack. x2
You bludgeon Asterion!! You block Asterion's attack. Asterion misses you.
You pound Asterion like an anvil!!! You hit Asterion but do no damage.
The vault sentinel blows a loud note on a signal horn!
Asterion conjures a destructive force in the name of Makhleb!
The bolt of fire misses you.
You bludgeon Asterion!! You hit Asterion. You block Asterion's attack.
Asterion completely misses you.
You hit Asterion. You hit Asterion. You bludgeon Asterion!!
Asterion says, "Enter my house and I will deliver you from evil."
Asterion conjures a destructive force in the name of Makhleb!
The iron shot hits you!!!
You die...

..# ..#
#########..#
...........#
...........#
...........#
.2p...H....#
##########@#
#..........#
#..........#
#..........#
#..........#
...#
#..........#
...#
#..........#
...#
#..........#
...#
#..........#


You could see Asterion, a blizzard demon and a vault sentinel.

Vanquished Creatures
  Bai Suzhen (Vaults:2)
  Arachne (Spider:4)
  2 krakens
  Polyphemus (Shoals:2)
  Frances (D:12)
  Ilsuiw (Shoals:2)
  Kirke (Lair:4)
  Agnes (D:15)
  A frost giant (Shoals:4)
  A deep elf sorcerer (Vaults:2)
  6 emperor scorpions (Spider:4)
  4 ghost moths
  A stone giant (Vaults:2)
  An ironheart preserver (Vaults:2)
  3 entropy weavers
  6 dire elephants (Lair:6)
  9 merfolk javelineers
  Snorg (Lair:5)
  12 merfolk impalers
  3 hydras
  Harold (D:7)
  3 yaktaur captains
  A rakshasa (D:13)
  2 vault guards (D:14)
  2 great orbs of eyes (Vaults:2)
  4 merfolk avatars
  5 ogre magi
  2 catoblepae
  2 alligator snapping turtles
  17 two-headed ogres
  5 centaur warriors
  3 merfolk aquamancers
  An anaconda (Lair:6)
  7 death yaks
  5 satyrs
  Urug (Orc:2)
  A tengu warrior (D:13)
  Sonja (D:12)
  A deep elf knight (Vaults:2)
  5 skeletal warriors (Vaults:2)
  8 sea snakes
  A wizard (D:13)
  2 unseen horrors
  4 deep elf archers (Vaults:2)
  2 ironbrand convokers (Vaults:2)
  23 harpies
  A harpy (shapeshifter) (D:15)
  12 orb spiders
  19 wolf spiders
  An orc sorcerer (Orc:1)
  6 manticores
  6 deep elf magi
  5 ugly things
  7 cyclopes
  17 fauns
  17 elephants
  A black mamba (Lair:3)
  6 water nymphs
  Joseph (D:9)
  8 merfolk sirens
  2 centaur skeletons (D:15)
  3 vault sentinels
  2 gargoyles
  3 torpor snails
  9 komodo dragons
  6 spiny frogs
  2 rime drakes
  2 kobold demonologists (D:14)
  3 freezing wraiths
  6 demonic crawlers
  6 yaktaurs
  5 harpy zombies (Shoals:2)
  7 trolls
  22 jumping spiders
  31 merfolk
  2 polar bears
  A wind drake (Shoals:2)
  A hornet (Spider:3)
  9 snapping turtles
  20 dream sheep
  14 hippogriffs
  4 blink frogs
  2 shadows
  58 redbacks
  19 tarantellas
  7 water elementals
  10 humans (D:14)
  5 wyverns
  A hog (Lair:4)
  Eustachio (D:6)
  68 yaks
  4 wraiths
  A hungry ghost (D:15)
  2 basilisks
  2 steam dragons
  2 vampire mosquitoes (D:14)
  3 wargs (Orc:1)
  Edmund (D:5)
  7 water moccasins
  A soldier ant (D:13)
  14 orc warriors
  7 porcupines
  A phantom (D:9)
  A sky beast (D:8)
  3 black bears
  10 ice beasts
  An eye of draining (D:9)
  31 ogres
  10 wolves (Lair:4)
  18 centaurs
  15 crocodiles
  2 big kobolds
  18 bullfrogs
  4 scorpions
  9 killer bees
  A human simulacrum (Vaults:1)
  12 wights
  2 howler monkeys (D:9)
  8 electric eels
  2 crimson imps
  A quasit (D:7)
  4 bullfrog zombies
  15 orc priests
  3 hounds
  3 jellies
  3 centaur zombies
  A gnoll shaman (D:4)
  2 bullfrog skeletons
  8 iguanas
  15 orc wizards
  10 worker ants
  A hound zombie (D:5)
  A hound skeleton (D:4)
  A howler monkey zombie (D:8)
  A worker ant zombie (D:8)
  A howler monkey skeleton (D:7)
  8 gnolls
  15 adders
  5 shadow imps
  An ooze (D:3)
  An adder zombie (D:9)
  3 worms
  2 dart slugs
  8 leopard geckos
  70 orcs
  4 giant cockroaches
  7 hobgoblins
  15 jackals
  5 kobolds
  4 quokkas
  8 bats
  6 frilled lizards
  3 goblins (D:1)
  A quokka skeleton (D:5)
  10 rats
  2 plants
  10 tentacles
1054 creatures vanquished.

Vanquished Creatures (others)
  2 death yaks (Lair:5)
  A spiny frog (Lair:5)
  A troll (D:13)
  A blink frog (Lair:6)
  2 yaks
  A human (Lair:4)
  6 fungi
  17 plants
  25 tentacles
56 creatures vanquished.

Grand Total: 1110 creatures vanquished

Notes
Turn   | Place    | Note
-------+----------+-------------------------------------------
     0 | D:1      | spacegravy the Gargoyle Fighter began the quest for the
                  | Orb.
     0 | D:1      | Reached XP level 1. HP: 14/14 MP: 1/1
   360 | D:1      | Reached XP level 2. HP: 19/19 MP: 2/2
  1118 | D:2      | Reached XP level 3. HP: 22/23 MP: 3/3
  1152 | D:2      | Found a glowing silver altar of Zin.
  1226 | D:2      | Found an opulent altar of Gozag.
  1612 | D:2      | Reached XP level 4. HP: 29/29 MP: 4/4
  2104 | D:3      | Found a faded altar of an unknown god.
  2200 | D:3      | Found a basalt altar of Yredelemnul.
  2659 | D:3      | Found a radiant altar of Vehumet.
  2720 | D:4      | Reached XP level 5. HP: 33/33 MP: 5/5
  2724 | D:4      | Reached skill level 4 in Fighting
  2877 | D:3      | Reached XP level 6. HP: 20/38 MP: 6/6
  3123 | D:4      | Found Simell's Book Boutique.
  3301 | D:4      | Noticed a slave
  3301 | D:4      | Noticed a slave
  3301 | D:4      | Noticed a slave
  3324 | D:4      | Noticed Pikel
  3324 | D:4      | Noticed a slave
  3693 | D:5      | Entered Level 5 of the Dungeon
  3791 | D:5      | Found Vuicomm's Antique Weapon Shoppe.
  3851 | D:5      | Found Subeh's Magic Scroll Shop.
  3994 | D:5      | Noticed Edmund
  4038 | D:5      | Killed Edmund
  4038 | D:5      | Reached skill level 5 in Maces & Flails
  4038 | D:5      | Reached XP level 7. HP: 44/44 MP: 7/7
  4076 | D:5      | Reached skill level 5 in Fighting
  4076 | D:5      | Reached skill level 5 in Armour
  4076 | D:5      | Reached skill level 5 in Shields
  4120 | D:5      | Found a glowing golden altar of the Shining One.
  4161 | D:5      | Found a shadowy altar of Dithmenos.
  4246 | D:5      | Found Ecu Leth's Book Shop.
  4550 | D:5      | Reached XP level 8. HP: 41/50 MP: 8/8
  5135 | D:6      | Found Bigaschia's Armour Shop.
  5626 | D:6      | Reached skill level 6 in Fighting
  5723 | D:6      | Noticed Eustachio
  5780 | D:6      | Killed Eustachio
  6220 | D:6      | Reached XP level 9. HP: 54/56 MP: 9/9
  6380 | D:6      | Found an ancient bone altar of Kikubaaqudgha.
  6539 | D:6      | Found a hazy altar of Hepliaklqana.
  6743 | D:7      | Found a staircase to the Ecumenical Temple.
  6749 | Temple   | Entered the Ecumenical Temple
  7045 | Temple   | Became a worshipper of Warmaster Okawaru
  7170 | D:7      | Found an iron altar of Okawaru.
  7257 | D:7      | Found a hide-covered altar of Uskayaw.
  7326 | D:7      | Got a heavily runed plate armour
  7337 | D:7      | Identified the cursed +1 plate armour of the Swamp {rElec
                  | Stlth+} (You found it on level 7 of the Dungeon)
  7364 | D:7      | Noticed Harold
  7415 | D:7      | Killed Harold
  7415 | D:7      | Reached * piety under Okawaru
  7415 | D:7      | Reached skill level 7 in Fighting
  8000 | D:7      | Found a sacrificial altar of Ru.
  8000 | D:7      | Found a shattered altar of Ashenzari.
  8001 | D:7      | Found a burning altar of Makhleb.
  8149 | D:8      | Reached XP level 10. HP: 57/63 MP: 10/10
  8180 | D:8      | Reached ** piety under Okawaru
  8344 | D:8      | Found a staircase to the Lair.
  8838 | D:8      | Noticed a two-headed ogre
  8862 | D:8      | Reached skill level 8 in Fighting
  8875 | D:8      | Killed a two-headed ogre
  9314 | D:9      | Reached skill level 10 in Maces & Flails
  9488 | D:9      | Reached *** piety under Okawaru
  9539 | D:9      | Found a white marble altar of Elyvilon.
  9778 | D:9      | Noticed Joseph
 10060 | D:9      | Reached **** piety under Okawaru
 10060 | D:9      | Reached XP level 11. HP: 41/69 MP: 11/11
 10313 | D:9      | Reached skill level 1 in Invocations
 10675 | D:9      | Killed Joseph
 10675 | D:9      | Reached skill level 9 in Fighting
 10760 | D:10     | Entered Level 10 of the Dungeon
 10773 | D:10     | Found Afahuw's Distillery.
 10792 | D:10     | Bought a potion of invisibility for 104 gold pieces
 10978 | D:10     | Found Mihej's Distillery.
 10991 | D:10     | Found Rerchyd's Antique Weapon Shop.
 11281 | D:10     | Noticed a two-headed ogre
 11290 | D:10     | Killed a two-headed ogre
 11424 | D:10     | Found Wiukeiqa's Magic Scroll Shop.
 11472 | D:10     | Reached ***** piety under Okawaru
 11899 | D:11     | Noticed a cyclops
 11924 | D:11     | Killed a cyclops
 11924 | D:11     | Received a gift from Okawaru
 12169 | D:11     | Noticed Josephine
 12927 | Lair:1   | Entered Level 1 of the Lair of Beasts
 13602 | Lair:1   | You fall through a shaft!
 13763 | Lair:1   | Reached XP level 12. HP: 61/77 MP: 14/14
 14472 | Lair:2   | Reached skill level 10 in Armour
 14476 | Lair:2   | Reached skill level 10 in Shields
 14484 | Lair:2   | Reached skill level 10 in Fighting
 15060 | Lair:2   | Noticed a catoblepas
 15087 | Lair:2   | Killed a catoblepas
 15087 | Lair:2   | Reached ****** piety under Okawaru
 15087 | Lair:2   | Reached skill level 5 in Invocations
 15156 | Lair:2   | Noticed Gastronok
 15337 | Lair:2   | Found a hole to the Spider Nest.
 15344 | Lair:2   | You fall through a shaft!
 15347 | Lair:3   | Noticed Rupert
 15930 | Lair:3   | Received a gift from Okawaru
 16513 | Lair:2   | Noticed a four-headed hydra
 16533 | Lair:2   | Killed a four-headed hydra
 16533 | Lair:2   | Reached XP level 13. HP: 82/83 MP: 14/16
 17288 | Lair:4   | Reached skill level 11 in Fighting
 17491 | Lair:4   | Found a staircase to the Shoals.
 17739 | Lair:4   | Noticed Kirke
 17775 | Lair:4   | Killed Kirke
 18316 | Lair:5   | Noticed Snorg
 18327 | Lair:4   | Received a gift from Okawaru
 18351 | Lair:4   | Identified a scroll of acquirement
 18354 | Lair:4   | Got a scintillating turquoise ring
 18356 | Lair:4   | Identified the ring of Zotiqur {Ice MR+ Dex+4} (You
                  | acquired it on level 4 of the Lair of Beasts)
 18371 | Lair:5   | Killed Snorg
 18773 | Lair:5   | Found a staircase to the Slime Pits.
 18774 | Lair:5   | Found a runed translucent door.
 18774 | Lair:5   | Found a shimmering altar of Xom.
 18774 | Lair:5   | Noticed trolface1997's ghost (journeyman GrMo)
 19073 | Lair:5   | Got a shadowed robe
 19342 | Lair:6   | Entered Level 6 of the Lair of Beasts
 19799 | Lair:5   | Received a gift from Okawaru
 19799 | Lair:5   | Gained mutation: Your large and strong wings let you fly
                  | indefinitely. [Gargoyle growth]
 19799 | Lair:5   | Reached XP level 14. HP: 59/91 MP: 17/17
 19936 | Lair:5   | Identified the +0 robe "Acithriz" {rF- Str+2 Slay+5} (You
                  | found it on level 5 of the Lair of Beasts)
 20364 | Lair:6   | Gained mutation: Your mind is acute. (Int +2) [mutagenic
                  | glow]
 20472 | Lair:6   | Reached skill level 12 in Fighting
 22107 | Lair:6   | Noticed a dire elephant
 22122 | Lair:6   | Noticed a dire elephant
 22122 | Lair:6   | Noticed a dire elephant
 22429 | Lair:6   | Killed a dire elephant
 22570 | Lair:6   | Killed a dire elephant
 22751 | Lair:6   | Killed a dire elephant
 23034 | Lair:6   | Noticed a dire elephant
 23034 | Lair:6   | Noticed a dire elephant
 23383 | Lair:6   | Killed a dire elephant
 23446 | Lair:6   | Noticed a dire elephant
 23471 | Lair:6   | Killed a dire elephant
 23615 | Lair:6   | Killed a dire elephant
 23778 | Lair:6   | Reached skill level 13 in Fighting
 24573 | D:12     | Found a frozen archway.
 24583 | IceCv    | Entered an ice cave
 24675 | IceCv    | Got a pitted scale mail
 25313 | D:12     | Identified the +0 scale mail of Inviolability {MR+ Str+2}
                  | (You found it in an ice cave)
 25628 | D:12     | Noticed Sonja
 25638 | D:12     | Killed Sonja
 25638 | D:12     | Reached skill level 15 in Maces & Flails
 25639 | D:12     | Found a roughly hewn altar of Beogh.
 25639 | D:12     | Found a staircase to the Orcish Mines.
 26442 | D:12     | Noticed Frances
 26518 | D:12     | Killed Frances
 26884 | D:13     | Reached XP level 15. HP: 80/99 MP: 18/18
 27012 | D:13     | Received a gift from Okawaru
 27146 | D:13     | Got warped fire dragon scales
 27271 | D:13     | Identified the cursed +0 fire dragon scales of the Townfolk
                  | {rF++ rC- Str+3} (You found it on level 13 of the Dungeon)
 27517 | D:13     | Reached skill level 14 in Fighting
 27965 | D:13     | Reached skill level 1 in Dodging
 28200 | D:14     | Found a shimmering altar of Xom.
 28809 | D:14     | Received a gift from Okawaru
 29002 | D:14     | Got an ivory longbow {god gift}
 29005 | D:14     | Identified the +6 longbow of Inconvenience {flame, rN+}
                  | (Okawaru gifted it to you on level 14 of the Dungeon)
 29013 | D:14     | Found a gate to the Vaults.
 29360 | D:15     | Entered Level 15 of the Dungeon
 29376 | D:15     | Noticed Agnes
 29404 | D:15     | Killed Agnes
 29693 | D:15     | Found a staircase to the Depths.
 30441 | Orc:1    | Entered Level 1 of the Orcish Mines
 30679 | Orc:2    | Entered Level 2 of the Orcish Mines
 30937 | Orc:2    | Received a gift from Okawaru
 30954 | Orc:2    | Got a shadowed robe {god gift}
 31070 | Orc:2    | Found Gunu's Antique Armour Shop.
 31491 | Orc:2    | Found Iqoodd's Distillery.
 31495 | Orc:2    | Found a staircase to the Elven Halls.
 31501 | Orc:2    | Bought a potion of heal wounds for 75 gold pieces
 31501 | Orc:2    | Bought a potion of heal wounds for 75 gold pieces
 31551 | Orc:2    | Found Qucow's Antique Armour Emporium.
 31551 | Orc:2    | Found Hefuam's Antique Weapon Shop.
 31551 | Orc:2    | Noticed Urug
 31584 | Orc:2    | Killed Urug
 31885 | Orc:2    | Reached skill level 15 in Fighting
 31912 | Orc:2    | Found Ystreng's Distillery.
 31912 | Orc:2    | Found Piul's Gadget Emporium.
 31940 | Orc:2    | Reached XP level 16. HP: 98/108 MP: 19/19
 32000 | Orc:2    | Bought a potion of berserk rage for 55 gold pieces
 32650 | Orc:1    | Found Comen's Gadget Shop.
 33079 | Spider:1 | Entered Level 1 of the Spider Nest
 34842 | Spider:1 | Received a gift from Okawaru
 36488 | Spider:2 | Received a gift from Okawaru
 36540 | Spider:2 | Got a pitted mace {god gift}
 36542 | Spider:2 | Identified the +8 mace of Starshine {speed, Str+4} (Okawaru
                  | gifted it to you on level 2 of the Spider Nest)
 37141 | Spider:3 | Reached skill level 16 in Fighting
 37757 | Spider:3 | Received a gift from Okawaru
 38200 | Spider:4 | Entered Level 4 of the Spider Nest
 38204 | Spider:4 | Noticed Arachne
 38332 | Spider:3 | Reached skill level 5 in Dodging
 38388 | Spider:4 | Killed Arachne
 38909 | Spider:4 | Reached skill level 1 in Evocations
 38914 | Spider:4 | Reached XP level 17. HP: 116/116 MP: 20/20
 39962 | Spider:4 | Reached skill level 17 in Fighting
 40107 | Spider:4 | Got a gossamer rune of Zot
 40322 | Shoals:1 | Entered Level 1 of the Shoals
 40660 | Shoals:1 | Received a gift from Okawaru
 40674 | Shoals:1 | Got a jewelled cloak {god gift}
 40909 | Lair:4   | Identified the +1 cloak of Purpose {Str-2 Int+8} (Okawaru
                  | gifted it to you on level 1 of the Shoals)
 42183 | Shoals:2 | Noticed Polyphemus
 42370 | Shoals:2 | Reached skill level 15 in Armour
 42521 | Shoals:2 | Noticed a kraken
 42534 | Shoals:2 | Reached skill level 15 in Shields
 42782 | Shoals:2 | Noticed Ilsuiw
 42795 | Shoals:2 | Identified the ring "Xac Koaph" {Wiz *Corrode Dex+9 Stlth-}
 42865 | Shoals:2 | Killed Ilsuiw
 43193 | Shoals:2 | Received a gift from Okawaru
 43714 | Shoals:2 | Reached XP level 18. HP: 124/124 MP: 21/21
 43818 | Shoals:2 | Killed Polyphemus
 43818 | Shoals:2 | Reached skill level 18 in Fighting
 44897 | Shoals:3 | Noticed Roxanne
 46919 | Shoals:4 | Entered Level 4 of the Shoals
 47945 | Shoals:4 | Received a gift from Okawaru
 48232 | Shoals:4 | Reached skill level 19 in Fighting
 48417 | Shoals:4 | Found the +4 robe of Augmentation {Str+4 Int+4 Dex+4}
 48518 | Shoals:4 | Found Cokiqur's Antique Weapon Boutique.
 49135 | Shoals:4 | Got a barnacled rune of Zot
 49601 | Vaults:1 | Entered Level 1 of the Vaults
 49919 | Vaults:1 | You are sucked into a shaft!
 49953 | Vaults:2 | Reached XP level 19. HP: 106/133 MP: 18/22
 50065 | Vaults:2 | Noticed Bai Suzhen
 50121 | Vaults:2 | Killed Bai Suzhen
 50198 | Vaults:2 | Found Lasexozo's Assorted Antiques.
 50254 | Vaults:2 | Noticed Xtahua
 50425 | Vaults:2 | Noticed Asterion
 50482 | Vaults:2 | Gained mutation: Scrolls take you a little longer to read.
                  | [a cacodemon]
 50506 | Vaults:2 | Gained mutation: You are occasionally teleported next to
                  | monsters. [a cacodemon]
 50529 | Vaults:2 | Gained mutation: Your muscles are strong. (Str +2) [a
                  | cacodemon]
 50558 | Vaults:2 | Received a gift from Okawaru
 50672 | Vaults:2 | Killed from afar by Asterion

Skill      XL: |  1  2  3  4  5  6  7  8  9 10 11 12 13 14 15 16 17 18 |
---------------+-------------------------------------------------------+-----
Maces & Flails | 3 4 5 7 9 10 11 13 14 15 16 | 16.0
Shields        | 4 5 6 7 8 9 10 11 12 13 14 15 16 | 16.6
Fighting       | 4 5 6 7 8 9 10 11 13 15 16 17 19 | 19.9
Armour         | 4 5 6 7 8 9 10 11 12 13 14 15 16 | 16.6
Invocations    | 3 5 |  5.0
Dodging        | 3 5 |  5.0
Evocations     | 1 4 |  4.0

Action                   |  1- 3 |  4- 6 |  7- 9 | 10-12 | 13-15 | 16-18 | 19-21 || total
-------------------------+-------+-------+-------+-------+-------+-------+-------++-------
Melee: Flail             |   189 |   253 |   389 |  1190 |  2006 |   618 |       ||  4645
       Mace              |       |    47 |       |       |       |  2331 |   384 ||  2762
       Morningstar       |       |       |       |       |   194 |       |       ||   194
Throw: Tomahawk          |     5 |       |    18 |    16 |    12 |    16 |       ||    67
Invok: Heroism           |       |       |     1 |    16 |    28 |    20 |     5 ||    70
       Finesse           |       |       |       |       |     4 |     3 |     3 ||    10
 Abil: Fly               |       |       |       |       |     1 |       |       ||     1
Evoke: Wand              |       |       |       |     3 |       |    14 |       ||    17
  Use: Scroll            |       |     2 |     8 |    13 |    17 |     9 |     4 ||    53
       Potion            |       |     1 |     4 |     1 |     1 |     3 |     1 ||    11
 Stab: Invisible         |       |       |       |     1 |       |       |       ||     1
       Paralysed         |       |       |       |       |       |    10 |       ||    10
       Petrified         |       |       |       |       |       |     4 |       ||     4
  Eat: Chunk             |     3 |     8 |    24 |    30 |    51 |    59 |     3 ||   178
Armor: Scale mail        |   107 |   193 |   150 |    41 |   665 |  1456 |     9 ||  2621
       Plate armour      |       |       |    35 |   602 |   108 |       |       ||   745
       Fire dragon scale |       |       |       |       |       |       |    88 ||    88
Dodge: Dodged            |    49 |    92 |    49 |   100 |   335 |   842 |    66 ||  1533
Block: Shield            |   111 |   111 |       |       |       |       |       ||   222
       Large shield      |       |    95 |   265 |   980 |  1743 |  2992 |   246 ||  6321
